 Dungeon Crawl Stone Soup version 0.20.1-1-g8b1a95d66d (webtiles) character file.

1819 gogeta the Cleaver (level 9, -11/75 HPs)
             Began as a Hill Orc Fighter on Dec 17, 2017.
             Was a Follower of Beogh.
             Mangled by a vampire mosquito (13 damage)
             ... on level 8 of the Dungeon.
             The game lasted 00:19:32 (6227 turns).

gogeta the Cleaver (Hill Orc Fighter)               Turns: 6227, Time: 00:19:33

Health: -11/75     AC:  4    Str: 33    XL:     9   Next: 10%
Magic:  9/9        EV: 11    Int: 13    God:    Beogh [*.....]
Gold:   362        SH: 12    Dex: 10    Spells: 8/8 levels left

rFire    x . .     SeeInvis .   a - +0 war axe
rCold    + . .     Gourm    .   m - +0 shield
rNeg     . . .     Faith    .   F - +0 robe of the Grue {Str+6 Slay+2}
rPois    .         Spirit   .   (no helmet)
rElec    .         Reflect  .   v - +0 cloak
rCorr    .         Harm     .   (no gloves)
MR       .....                  P - +0 pair of boots
Stlth    ++........             (no amulet)
Regen    0.3/turn               r - +5 ring of intelligence
MPRegen  0.2/turn               s - ring of ice

@: mighty
A: no striking features
a: Renounce Religion


You were on level 8 of the Dungeon.
You worshipped Beogh.
Beogh was aware of your devotion.
You were not hungry.

You visited 1 branch of the dungeon, and saw 8 of its levels.

You collected 362 gold pieces.

Inventory:

Hand Weapons
 a - a +0 war axe (weapon)
Armour
 b - a +0 scale mail
 c - a +0 shield
 m - a +0 shield (worn)
 t - a +0 chain mail
 v - a +0 cloak (worn)
 F - the +0 robe of the Grue (worn) {Str+6 Slay+2}
   (You found it on level 5 of the Dungeon)

   It affects your strength (+6).
   It affects your accuracy and damage with ranged weapons and melee attacks
   (+2).
 P - a +0 pair of boots (worn)
Magical Staves
 y - an uncursed staff of cold {unknown}
Jewellery
 r - a +5 ring of intelligence (left hand)
 s - a ring of ice (right hand)
 H - a +3 amulet of reflection {unknown}
 I - an uncursed ring of fire {unknown}
 N - an uncursed ring of fire {unknown}
 T - an uncursed amulet of the gourmand {unknown}
Wands
 J - a wand of flame (24/48)
 K - a wand of enslavement (16/24)
 M - a wand of clouds (4/9)
 O - a wand of flame (17/48)
 R - a wand of paralysis (15/24)
 S - a wand of flame (8/48)
Scrolls
 e - 7 scrolls of teleportation {unknown}
 g - 7 scrolls of identify {unknown}
 j - 4 scrolls of remove curse
 p - 5 scrolls of enchant weapon {unknown}
 q - 2 scrolls of fear {unknown}
 u - 3 scrolls of enchant armour {unknown}
 w - a scroll of magic mapping {unknown}
 B - 2 scrolls of noise {unknown}
 C - 2 scrolls of blinking {unknown}
 D - 5 scrolls of fog {unknown}
 L - 2 scrolls of amnesia {unknown}
Potions
 h - 2 potions of flight
 i - a potion of haste {unknown}
 l - 2 potions of magic {unknown}
 n - a potion of degeneration {unknown}
 o - 2 potions of heal wounds {unknown}
 x - 2 potions of mutation {unknown}
 E - a potion of berserk rage {unknown}
 G - a potion of curing
 Q - a potion of ambrosia {unknown}
Comestibles
 f - 5 bread rations
 k - 3 meat rations
 z - 12 fruits
 A - a royal jelly
 U - a chunk of flesh


   Skills:
 + Level 6.2 Fighting
 + Level 9.8 Axes
 + Level 5.2 Armour
 + Level 2.5 Dodging
 + Level 1.8 Stealth
 + Level 6.8 Shields


You had 8 spell levels left.
You didn't know any spells.

Dungeon Overview and Level Annotations

Branches:
Dungeon (8/15)             Temple (0/1) D:4
   Lair: D:8-11

Altars:
Ashenzari
Cheibriados
Fedhas
Hepliaklqana
Qazlal
Yredelemnul
The Shining One

Shops:
D:6 *


Message History

The vampire mosquito draws strength from your injuries!
You feel very mighty all of a sudden.
The vampire mosquito closely misses you.
The vampire mosquito bites you.
The vampire mosquito draws strength from your injuries!
You block the vampire mosquito's attack.
The vampire mosquito bites you!
* * * LOW HITPOINT WARNING * * *
The vampire mosquito draws strength from your injuries!
The vampire mosquito bites you.
* * * LOW HITPOINT WARNING * * *
The vampire mosquito draws strength from your injuries!
The vampire mosquito bites you.
* * * LOW HITPOINT WARNING * * *
The vampire mosquito draws strength from your injuries!
The vampire mosquito bites you.
* * * LOW HITPOINT WARNING * * *
The vampire mosquito draws strength from your injuries!
The vampire mosquito bites you!
You die...

#. . #######+## #.
#........####
#..#...........#
#.#.....y.....#
..##.....yyy.....#
..........#@%....#
.......<..#(.....#
..........#......#
..........#$.....#
###....##....#####
#.... ###..# #...#
...# #... ##.#
#### #


You could see 4 vampire mosquitoes.

Vanquished Creatures
  Grinder (D:4)
  The ghost of Moto the Bolt Thrower, an amateur DDHu (D:3)
  A wyvern (D:8)
  A water moccasin (D:7)
  2 centaurs (D:6)
  2 ogres
  A necrophage (D:5)
  2 scorpions
  A wyvern skeleton (D:6)
  3 howler monkeys
  A crimson imp (D:7)
  A bullfrog skeleton (D:6)
  A jelly (D:4)
  An orc priest (D:4)
  3 hounds
  A centaur skeleton (D:8)
  2 orc wizards (D:4)
  An iguana (D:7)
  A worker ant (D:6)
  A killer bee zombie (D:5)
  A hound skeleton (D:7)
  A worker ant zombie (D:7)
  5 adders
  5 gnolls
  An adder skeleton (D:5)
  2 worms
  A dart slug (D:2)
  A leopard gecko (D:2)
  4 orcs
  A ball python (D:7)
  7 bats
  2 giant cockroaches
  5 goblins
  6 hobgoblins
  14 jackals
  2 quokkas
  5 frilled lizards
  A jackal skeleton (D:5)
  3 kobolds (D:1)
  A leopard gecko zombie (D:3)
  11 rats
107 creatures vanquished.

Vanquished Creatures (others)
  2 orcs (D:3)
2 creatures vanquished.

Grand Total: 109 creatures vanquished

Notes
Turn   | Place    | Note
-------+----------+-------------------------------------------
     0 | D:1      | gogeta the Hill Orc Fighter began the quest for the Orb.
     0 | D:1      | Reached XP level 1. HP: 19/19 MP: 1/1
    91 | D:1      | Reached skill level 3 in Axes
    91 | D:1      | Reached XP level 2. HP: 22/27 MP: 2/2
   521 | D:1      | Reached XP level 3. HP: 32/33 MP: 3/3
  1296 | D:2      | Found a snail-covered altar of Cheibriados.
  1523 | D:2      | Found a shattered altar of Ashenzari.
  1701 | D:3      | Reached XP level 4. HP: 40/40 MP: 4/4
  1710 | D:3      | Noticed Moto's ghost (amateur DDHu)
  1746 | D:3      | Killed Moto's ghost
  1746 | D:3      | Reached skill level 5 in Axes
  1746 | D:3      | Reached skill level 1 in Dodging
  1746 | D:3      | Reached XP level 5. HP: 15/46 MP: 5/5
  2032 | D:3      | Reached XP level 6. HP: 37/52 MP: 6/6
  2336 | D:3      | Became a worshipper of Beogh the Brigand
  2508 | D:4      | Found a glowing golden altar of the Shining One.
  2835 | D:4      | Found a staircase to the Ecumenical Temple.
  2916 | D:4      | Reached skill level 6 in Axes
  2917 | D:4      | Reached XP level 7. HP: 25/60 MP: 7/7
  3159 | D:4      | Noticed Grinder
  3185 | D:4      | Killed Grinder
  3185 | D:4      | Reached skill level 7 in Axes
  3185 | D:4      | Reached skill level 1 in Stealth
  3185 | D:4      | Reached skill level 5 in Shields
  3479 | D:5      | Entered Level 5 of the Dungeon
  3479 | D:5      | Found a basalt altar of Yredelemnul.
  3515 | D:5      | Reached skill level 5 in Armour
  3550 | D:5      | Reached skill level 5 in Fighting
  3640 | D:5      | Got a shadowed robe
  3651 | D:5      | Identified the +0 robe of the Grue {Str+6 Slay+2} (You found it on level 5 of the Dungeon)
  3934 | D:5      | Reached XP level 8. HP: 55/68 MP: 8/8
  4048 | D:6      | Reached * piety under Beogh
  4051 | D:6      | Reached skill level 8 in Axes
  4688 | D:6      | Found Gete's Assorted Antiques.
  4887 | D:6      | Found a stormy altar of Qazlal.
  4943 | D:6      | Found a blossoming altar of Fedhas.
  5418 | D:7      | Reached skill level 9 in Axes
  5424 | D:7      | Found a hazy altar of Hepliaklqana.
  6140 | D:8      | Noticed a wyvern
  6150 | D:8      | Killed a wyvern
  6150 | D:8      | Reached XP level 9. HP: 39/75 MP: 9/9
  6226 | D:8      | HP: 2/75 [vampire mosquito (6)]
  6227 | D:8      | Mangled by a vampire mosquito

Skill      XL: |  1  2  3  4  5  6  7  8 |
---------------+-------------------------+-----
Axes           | 3 5 6 7 9 |  9.8
Fighting       | 4 5 6 |  6.2
Armour         | 4 5 |  5.2
Dodging        | 1 2 |  2.5
Shields        | 4 5 6 |  6.8
Stealth        | 1 |  1.8

Action                   |  1- 3 |  4- 6 |  7- 9 || total
-------------------------+-------+-------+-------++-------
Melee: War axe           |   143 |   113 |   167 ||   423
Invok: Convert to Beogh  |       |     1 |       ||     1
  Use: Scroll            |     1 |       |       ||     1
       Potion            |       |     6 |     1 ||     7
  Eat: Chunk             |     1 |     1 |     2 ||     4
       Bread ration      |     1 |       |     2 ||     3
Armor: Scale mail        |    68 |       |       ||    68
       Chain mail        |    19 |    45 |    26 ||    90
       Robe              |       |       |    30 ||    30
Dodge: Dodged            |    47 |    23 |    67 ||   137
Block: Shield            |    99 |    55 |   101 ||   255
